 Dungeon Crawl Stone Soup version 0.31-a0-925-g0a390f2509 (webtiles) character file.

Game seed: 10121696713510219101

980 Azuregosa the Covert (level 8, -8/52 HPs)
             Began as an Octopode Delver on Oct 18, 2023.
             Mangled by a steam dragon (11 damage)
             ... on level 5 of the Dungeon.
             The game lasted 00:12:47 (4441 turns).

Azuregosa the Covert (Octopode Delver)              Turns: 4441, Time: 00:12:47

Health: -8/52      AC:  2    Str:  9 (11) XL:     8   Next: 17%
Magic:  6/14       EV: 15    Int: 10 (12) God:
Gold:   292        SH:  0    Dex: 15 (16) Spells: 9/15 levels left

rFire   . . .        o - +1 short sword (freeze)
rCold   . . .        (no shield)
rNeg    . . .        B - +1 hat
rPois   .            (no amulet)
rElec   .            t - ring of resist corrosion
rCorr   +            (no ring)
SInv    .            (no ring)
Will    .....        (no ring)
Stlth   +++++        (no ring)
HPRegen 0.28/turn    (no ring)
MPRegen 0.14/turn    (no ring)
                     (no ring)

%: no passive effects
@: very slightly contaminated
A: almost no armour, amphibious, 8 rings, camouflage 1, gelatinous body 1,
(nimble swimmer 1), tentacles
a: no special abilities


You were on level 5 of the Dungeon.
You visited 1 branch of the dungeon, and saw 7 of its levels.

You collected 292 gold pieces.

Inventory:

Hand Weapons
 a - a +0 hand axe
 d - a +0 halberd
 o - a +1 short sword of freezing (weapon)
 r - a +1 short sword of venom
 D - a +0 dagger of speed
Missiles
 h - 35 stones
 n - a throwing net
Armour
 y - an orb of light
 B - a +1 hat (worn)
Jewellery
 t - a ring of resist corrosion (left tentacle)
Talismans
 i - a blade talisman
Wands
 f - a wand of digging (3)
 E - a wand of flame (29)
Scrolls
 b - 3 scrolls of fog
 c - 2 scrolls of revelation
 g - a scroll of amnesia {unknown}
 j - a scroll of enchant armour {unknown}
 l - a scroll of immolation {unknown}
 p - 4 scrolls of identify {unknown}
 w - a scroll of poison {unknown}
 z - a scroll of teleportation {unknown}
 A - a scroll of brand weapon {unknown}
 C - a scroll of silence {unknown}
Potions
 e - a potion of haste
 k - a potion of ambrosia {unknown}
 m - 2 potions of enlightenment {unknown}
 q - a potion of mutation {unknown}
 s - a potion of degeneration
 u - a potion of resistance {unknown}
 v - a potion of heal wounds {unknown}
 x - a potion of curing {unknown}


   Skills:
 - Level 3.0 Fighting
 - Level 2.0(2.3) Axes
 - Level 1.7(2.2) Polearms
 - Level 4.5 Dodging
 - Level 8.0 Stealth
 + Level 4.4 Spellcasting
 + Level 4.9 Hexes


You had 9 spell levels left.
You knew the following spells:

 Your Spells              Type           Power      Damage    Failure   Level
a - Dazzling Flash        Conj/Hex       14%        N/A       26%         3
b - Tukima's Dance        Hex            12%        N/A       10%         3

Your spell library contained the following spells:

 Spells                   Type           Power      Damage    Failure   Level
 Volatile Blastmotes      Fire/Tloc      4%         2d10      58%         3
 Dimensional Bullseye     Hex/Tloc       3%         N/A       65%         4
 Iskenderun's Mystic Bla  Conj/Tloc      2%         2d3       94%         4
 Starburst                Conj/Fire      1%         6d3       100%        6
 Maxwell's Capacitive Co  Air            1%         ∞         100%        8


Dungeon Overview and Level Annotations

Branches:
Dungeon (7/15)
 Temple: D:4-7

Altars:
Nemelex Xobeh
Zin

Annotations:
D:4 2 transporters, bmj180's ghost, amateur HuCj


Innate Abilities, Weirdness & Mutations

You cannot wear most types of armour.
You are amphibious.
You can wear up to eight rings at the same time.
Your skin changes colour to match your surroundings (Stealth+).
Your rubbery body absorbs attacks. (AC +1, EV +1)
((You are camouflaged when in or above water. (Stealth+)))
You have tentacles for arms and can constrict up to eight enemies at once.


Message History

The steam dragon breathes steam at you. The ball of steam misses you.
You barely miss the steam dragon.
The steam dragon is moderately wounded.
You are engulfed in a cloud of scalding steam.
The steam dragon misses you. x2
The steam dragon is no longer blind.
The steam dragon bites you. The steam dragon closely misses you.
You closely miss the steam dragon.
The steam dragon is moderately wounded.
The steam dragon closely misses you. The steam dragon claws you.
You hit the steam dragon. You freeze the steam dragon.
The steam dragon is heavily wounded.
The steam dragon closely misses you.
The steam dragon claws you but does no damage.
You hit the steam dragon but do no damage.
The steam dragon is heavily wounded.
The steam dragon bites you. The steam dragon misses you.
You closely miss the steam dragon.
The steam dragon is heavily wounded.
The steam dragon breathes steam at you. The ball of steam hits you!
Casting: Dazzling Flash (dangerous; 24% risk of failure)
Confirm with . or Enter, or press ? or * to list all spells.
Casting: Dazzling Flash (dangerous; 24% risk of failure)
Press: ? - help, Dir - look around, f - activate You miscast Dazzling Flash.
You are very lightly contaminated with residual magic.
Nothing appears to happen.
You are engulfed in a cloud of scalding steam.
* * * LOW HITPOINT WARNING * * *
The steam dragon bites you!
* * * LOW HITPOINT WARNING * * *
The steam dragon barely misses you. The steam dragon misses you.
The steam dragon closely misses you.
It was a potion of degeneration.
There was something very wrong with that liquid.
You feel weakened.
You feel dopey.
You feel clumsy. The steam dragon bites you!
You die...

.## . .# .## .####
..#
....############.#
###.##...........#
#.##.########..#
#.......# #§.#
#.....#.# #.§#
###.##..#.# #D@#
....##..#.# #..#
######....#####..#
#..##.......#
#..##.####.## #
#..##.####.# #
#..........# #
#[###.###### # #.#
#.#


You could see a steam dragon (catching breath).

Vanquished Creatures
  Duvessa (D:5)
  A black bear (D:4)
  An ogre (D:5)
  2 phantoms (D:5)
  2 scorpions (D:5)
  Dowan (D:5)
  2 hounds (D:5)
  A sleepcap (D:5)
  An iguana (D:5)
  Natasha (thrice) (D:2)
  An orc wizard (D:3)
  5 adders
  4 gnolls (D:5)
  5 worms
  3 dart slugs
  6 orcs
  4 ball pythons
  5 endoplasms
  3 giant cockroaches
  3 goblins
  6 hobgoblins
  2 jackals (D:3)
  4 quokkas
  4 bats
  2 frilled lizards (D:3)
  11 kobolds
  4 rats
87 creatures vanquished.

Notes
Turn   | Place    | Note
-------+----------+-------------------------------------------
     0 | D:5      | Azuregosa the Octopode Delver began the quest for the Orb.
     0 | D:5      | Reached XP level 1. HP: 16/16 MP: 1/1
     1 | D:6      | Noticed a jelly
    15 | D:5      | Noticed a sleepcap
    34 | D:4      | Found a glowing silver altar of Zin.
   126 | D:3      | Reached skill level 7 in Stealth
   160 | D:3      | Reached XP level 2. HP: 21/21 MP: 2/2
   241 | D:2      | Reached skill level 8 in Stealth
   241 | D:2      | Reached XP level 3. HP: 25/26 MP: 3/3
   386 | D:1      | Reached skill level 1 in Polearms
   844 | D:2      | Reached XP level 4. HP: 31/31 MP: 4/4
  1031 | D:2      | Noticed Natasha
  1040 | D:2      | Killed Natasha
  1089 | D:2      | Noticed Natasha
  1103 | D:2      | Killed Natasha
  1104 | D:2      | Reached XP level 5. HP: 18/36 MP: 5/5
  1516 | D:2      | Noticed Natasha
  1519 | D:2      | Killed Natasha
  2293 | D:3      | Noticed a kobold brigand
  2469 | D:4      | Found a sparkling altar of Nemelex Xobeh.
  2594 | D:4      | Learned a level 3 spell: Dazzling Flash
  2624 | D:4      | Noticed a black bear
  2639 | D:4      | Killed a black bear
  2640 | D:4      | Reached skill level 1 in Spellcasting
  2640 | D:4      | Reached skill level 1 in Hexes
  2640 | D:4      | Reached XP level 6. HP: 6/42 MP: 5/8
  2783 | D:4      | Identified the +4 war axe of Mastery {heavy, rPois rF+ rC+
                  | SInv}
  2894 | D:4      | Noticed bmj180's ghost (amateur HuCj)
  2895 | D:4      | Found a transporter.
  2918 | D:4      | Found a transporter.
  3377 | D:5      | Reached XP level 7. HP: 46/46 MP: 10/10
  3439 | D:5      | Noticed Dowan
  3804 | D:5      | Noticed Duvessa
  3818 | D:5      | Killed Duvessa
  3823 | D:5      | Killed Dowan
  3824 | D:5      | Reached XP level 8. HP: 4/52 MP: 9/14
  4292 | D:6      | Noticed a yak
  4292 | D:6      | Noticed a yak
  4292 | D:6      | Noticed a yak
  4292 | D:6      | Noticed a yak
  4292 | D:6      | Noticed a yak
  4292 | D:6      | Noticed a yak
  4342 | D:5      | Learned a level 3 spell: Tukima's Dance
  4441 | D:5      | Mangled by a steam dragon

Illustrated notes

Levels and vault maps discovered:
D:1:      mainiacjoe_arrival_oval_in_oval, layout_basic
D:2:      layout_loops_ring, grunt_ministairs_2, nicolae_hexahallways,
          minmay_misc_feat_four_crosses, minivault_24, uniq_natasha
D:3:      layout_basic, lightli_corner_chamber
D:4:      layout_loops_ring, mainiacjoe_overflow_catwalk, gammafunk_ghost_smash,
          kennysheep_diamond
D:5:      layout_loops_ring, hangedman_abyss_or_decor_lesser_grid,
          eino_tiny_chamber, uniq_duvessa
D:6:      layout_rooms, minmay_temple_entry_purple_smoke, serial_shops, shop,
          shop, shop
D:7:      layout_rooms, serial_shops, nicolae_shop_advertising_works
          [nicolae_subvault_shop_adworks], minivault_1

Skill      XL: |  1  2  3  4  5  6  7 |
---------------+----------------------+-----
Stealth        | 7 8 |  8.0
Polearms       | 1 |  1.7
Dodging        | 3 4 |  4.5
Spellcasting   | 1 2 4 |  4.4
Hexes          | 1 2 4 |  4.9
Fighting       | |  3.0
Axes           | |  2.0

Action                     |  1- 3 |  4- 6 |  7- 9 || total
---------------------------+-------+-------+-------++-------
  Melee: Hand axe          |    54 |       |       ||    54
         Constrict         |    12 |    19 |     9 ||    40
         Tentacles         |     7 |    22 |    24 ||    53
         Short sword       |     1 |    77 |    78 ||   156
         Punch             |       |     1 |     2 ||     3
   Cast: Dazzling Flash    |       |       |     3 ||     3
    Use: Scroll            |       |       |     1 ||     1
         Potion            |       |       |     1 ||     1
   Stab: Sleeping          |    18 |    15 |     2 ||    35
         Distracted        |     1 |       |     1 ||     2
 Armour: Skin              |    13 |    34 |    48 ||    95
  Dodge: Dodged            |    35 |    38 |    65 ||   138

Table legend: (Time is in decaauts)
 A = Elapsed time spent in this place.
 B = Non-inter-level travel time spent in this place.
 C = Inter-level travel time spent in this place.
 D = Time resting spent in this place.
 E = Time spent auto-exploring this place.
 F = Levels seen in this place.
 G = Mean time per level.
                   A        B        C        D        E       F      G
               +--------+--------+--------+--------+--------+-----+--------+
         Total |   4453 |   4377 |     76 |   1056 |   2270 |   7 |  636.1 |
       Dungeon |   4453 |   4377 |     76 |   1056 |   2270 |   7 |  636.1 |
               +--------+--------+--------+--------+--------+-----+--------+

Top non-repeatable levels by time:
     D:5: 1110 daAuts
     D:3: 1002 daAuts
     D:4: 993 daAuts
     D:2: 867 daAuts
     D:1: 467 daAuts
     D:6: 10 daAuts
     D:7: 1 daAuts
